 Dungeon Crawl Stone Soup version 0.14.1-24-gbdbe590 (webtiles) character file.

194 Kenran the Chopper (level 5, -1/45 HPs)
             Began as a Hill Orc Berserker on June 19, 2014.
             Was a Priest of Trog.
             Slain by Crazy Yiuf
             ... wielding a +3,+4 quarterstaff of chaos
              (8 damage)
             ... on Level 2 of the Dungeon.
             The game lasted 00:05:13 (1531 turns).

Kenran the Chopper (Hill Orc Berserker)             Turns: 1531, Time: 00:05:13

HP  -1/45        AC  3     Str 20      XL: 5   Next: 20%
MP   1/5         EV 11     Int  7      God: Trog [***...]
Gold 57          SH  0     Dex 11      Spells:  0 memorised,  4 levels left

rFire  . . .     SeeInvis .     a - +0 hand axe
rCold  . . .     Clarity  .     d - +0 leather armour
rNeg   + . .     Conserve .     (no shield)
rPois  +         rCorr    .     (no helmet)
rElec  .         rRot     .     (no cloak)
SustAb . .       Spirit   .     (no gloves)
rMut   .         Warding  .     (no boots)
Saprov + . .     Stasis   .     h - amulet of faith
MR     .....                    g - cursed ring of poison resistance
                                k - ring of positive energy

@: slowed, very slow, not resistant to hostile enchantments, very unstealthy
A: saprovore 1
a: Burn Spellbooks, Berserk, Trog's Hand, Renounce Religion


You were on level 2 of the Dungeon.
You worshipped Trog.
Trog was most pleased with you.
You were not hungry.

You visited 1 branch of the dungeon, and saw 2 of its levels.

You collected 57 gold pieces.

Inventory:

Hand weapons
 a - a +0,+0 hand axe (weapon)
Armour
 d - a +0 leather armour (worn)
Magical devices
 j - a wand of digging (8) {unknown}
Comestibles
 c - 2 meat rations
Scrolls
 i - a scroll of identify
Jewellery
 g - a cursed ring of poison resistance (right hand)
 h - an amulet of faith (around neck)
 k - a ring of positive energy (left hand)
Potions
 b - a potion of agility {unknown}
 e - a potion of haste {unknown}
 f - a potion of heal wounds {unknown}


   Skills:
 - Level 3.6 Fighting
 + Level 7.5 Axes
 - Level 2.1 Armour
 - Level 1.5 Dodging


You had 4 spell levels left.
You didn't know any spells.

Dungeon Overview and Level Annotations

Branches:
Dungeon (2/15)

Altars:
Nemelex Xobeh
The Shining One

Annotations:
D:2 Crazy Yiuf


Innate Abilities, Weirdness & Mutations

You can tolerate rotten meat.


Message History

You closely miss Crazy Yiuf.
Crazy Yiuf says, "Mugger forty-two broken!"
Crazy Yiuf hits you with a quarterstaff of chaos!
You feel your power leaking away.
You hit Crazy Yiuf.
Crazy Yiuf is lightly wounded.
You hit Crazy Yiuf.
Crazy Yiuf is lightly wounded.
Crazy Yiuf hits you with a quarterstaff of chaos.
You are electrocuted!
You hit Crazy Yiuf.
Crazy Yiuf is heavily wounded.
Crazy Yiuf drinks a potion.
Crazy Yiuf flickers and vanishes!
Deactivating autopickup; reactivate with Ctrl-A.
You hit something. Something hits you.
You closely miss something. Something hits you!
* * * LOW HITPOINT WARNING * * *
You feel yourself slow down.
You hit something but do no damage. Something hits you!
You die...

♣♣♣# ### #♣ ♣♣♣♣####
#)..#♣♣♣♣♣♣....###
#.....♣♣♣♣.......#
#♣@.♣......#.#
#♣♣♣.♣....##.#
♣♣♣♣♣♣♣♣####.# ♣♣♣♣♣♣# #.#
##################.######
..............>.'........
.................####.....
.............)...#########
....>#####.###.'###(≈≈8≈≈.


There were no monsters in sight!

Vanquished Creatures
  Sigmund (D:2)
  Terence (D:1)
  2 adders (D:2)
  A ball python (D:1)
  2 giant cockroaches (D:1)
  2 hobgoblins (D:2)
  2 kobolds
  A quokka (D:2)
  11 bats
  A giant gecko (D:2)
  2 giant newts
  4 goblins
  6 rats (D:1)
36 creatures vanquished.

Notes
Turn   | Place    | Note
--------------------------------------------------------------
     0 | D:1      | Kenran, the Hill Orc Berserker, began the quest for the Orb.
     0 | D:1      | Reached XP level 1. HP: 19/19 MP: 1/1
   190 | D:1      | Reached XP level 2. HP: 9/26 MP: 2/2
   508 | D:1      | Reached skill level 5 in Axes
   525 | D:1      | Acquired Trog's second power
   809 | D:1      | Reached XP level 3. HP: 28/31 MP: 3/3
   861 | D:1      | Found a sparkling altar of Nemelex Xobeh.
  1277 | D:2      | Noticed Terence
  1285 | D:2      | Reached skill level 6 in Axes
  1301 | D:1      | Killed Terence
  1301 | D:1      | Reached XP level 4. HP: 37/39 MP: 4/4
  1378 | D:2      | Found a glowing golden altar of the Shining One.
  1412 | D:2      | Noticed Sigmund
  1428 | D:2      | Killed Sigmund
  1428 | D:2      | Reached skill level 7 in Axes
  1428 | D:2      | Reached XP level 5. HP: 43/45 MP: 0/5
  1521 | D:2      | Noticed Crazy Yiuf
  1531 | D:2      | Slain by Crazy Yiuf

Action                   |  1- 3 |  4- 6 || total
-------------------------+-------+-------++-------
Melee: Hand axe          |   115 |    20 ||   135
Invok: Berserk           |     1 |     1 ||     2
  Use: Scroll            |     4 |       ||     4
